 Dungeon Crawl Stone Soup version 0.19-a0-32-gbfd796a (webtiles) character file.

422 epen the Ruffian (level 6, -1/52 (53) HPs)
             Began as a Ghoul Monk on May 2, 2016.
             Slain by a gnoll
             ... wielding a +0 flail
              (2 damage)
             ... on level 3 of the Dungeon.
             The game lasted 00:05:05 (3449 turns).

epen the Ruffian (Ghoul Monk)                       Turns: 3449, Time: 00:05:05

HP:   -1/52 (53)    AC:  4    Str: 15    XL:     6   Next: 95%
MP:   5/5           EV: 14    Int:  5    God:
Gold: 183           SH:  0    Dex: 13    Spells: 0 memorised, 5 levels left

rFire  . . .     SeeInvis .       - Unarmed
rCold  + . .     Gourm    .     a - +0 robe
rNeg   + + +     Faith    .     (no shield)
rPois  ∞         Spirit   .     q - +1 helmet
rElec  .         Dismiss  .     (no cloak)
rCorr  .         Reflect  .     (no gloves)
SustAt .         Harm     .     (no boots)
MR     .....                    (no amulet)
Stlth  ++........               (no ring)
                                (no ring)

@: rotting, not resistant to hostile enchantments, unstealthy
A: rotting body, claws 1, carnivore 3, cold resistance 1, negative energy
resistance 3, slow regeneration 1, torment resistance, unbreathing
a: no special abilities


You were on level 3 of the Dungeon.
You were not hungry.

You visited 1 branch of the dungeon, and saw 4 of its levels.

You collected 183 gold pieces.

Inventory:

Hand Weapons
 r - a +0 blowgun
Missiles
 s - 19 poisoned needles
Armour
 a - a +0 robe (worn)
 q - a +1 helmet (worn)
Jewellery
 j - an uncursed amulet of faith
Scrolls
 d - 4 scrolls of teleportation {unknown}
 f - a scroll of fear {unknown}
 g - 2 scrolls of amnesia {unknown}
 l - a scroll of identify {unknown}
 n - a scroll of fog {unknown}
 t - a scroll of recharging {unknown}
Potions
 e - a potion of curing {unknown}
 i - a potion of mutation {unknown}
 k - a potion of berserk rage {unknown}
 m - 2 potions of ambrosia {unknown}
 p - a potion of cancellation {unknown}
Books
 o - a Fen Folio

   Spells                             Type                      Level
   a - Corpse Rot                     Necromancy                   2
   b - Stone Arrow                    Conjuration/Earth            3
   c - Leda's Liquefaction            Hexes/Earth                  4
   d - Summon Forest                  Summoning/Translocation      5
   e - Hydra Form                     Transmutation                6
   f - Summon Hydra                   Summoning                    7
Comestibles
 b - 2 meat rations
 c - a royal jelly
 h - a slice of pizza


   Skills:
 + Level 4.3 Fighting
 + Level 2.1 Armour
 * Level 4.5 Dodging
 - Level 2.1 Stealth
 * Level 6.3 Unarmed Combat


You had 5 spell levels left.
You didn't know any spells.

Dungeon Overview and Level Annotations

Branches:
Dungeon (4/15)
 Temple: D:4-7

Altars:


Innate Abilities, Weirdness & Mutations

Your body is rotting away.
You thrive on raw meat.
You are immune to poison.
You have sharp fingernails.
You are carnivorous and can eat meat at any time.
Your flesh is cold resistant.
You are immune to negative energy.
You regenerate slowly when monsters are visible.
You are immune to unholy pain and torment.
You can survive without breathing.


Message History

The gnoll hits you with a spear.
You try to slip out of the net.
The gnoll hits you with a flail! The gnoll completely misses you.
You tear a large gash into the net.
The gnoll completely misses you. The gnoll hits you with a flail.
You slip out of the net!
The gnoll closely misses you. The gnoll hits you but does no damage.
The gnoll hits you with a spear.
You climb upwards.
There is a stone staircase leading down here.
You scratch the gnoll.
The gnoll is lightly wounded.
The gnoll hits you with a flail.
* * * LOW HITPOINT WARNING * * *
The gnoll hits you with a spear!
* * * LOW HITPOINT WARNING * * *
You scratch the gnoll.
The gnoll is moderately wounded.
The gnoll hits you with a flail.
You die...

.#.#.......#####################
##.#.......()...g.g...#
...#........#########.#
.........).....(....#g#
####.#......((.#.##.#.#
........(......#..#.#g#
...............#....#g#
..(..(.........######.#
.....(.........g@g..#.#
.#........(##########.#
.#........[.(.........#
.#.....################
.#........# .......##.#
........#.# ..........#
........###


You could see 2 gnolls.

Vanquished Creatures
  Sigmund (D:3)
  A necrophage (D:3)
  An orc wizard (D:3)
  Ijyb (D:2)
  Robin (D:3)
  A gnoll (D:3)
  2 adders
  An ooze (D:1)
  A worm (D:2)
  A giant gecko (D:1)
  8 orcs
  A ball python (D:3)
  4 giant cockroaches
  11 goblins
  11 hobgoblins
  2 jackals (D:1)
  A quokka (D:3)
  6 bats
  2 giant newts
  6 kobolds
  11 rats
74 creatures vanquished.

Notes
Turn   | Place    | Note
--------------------------------------------------------------
     0 | D:1      | epen the Ghoul Monk began the quest for the Orb.
     0 | D:1      | Reached XP level 1. HP: 19/19 MP: 0/0
   486 | D:1      | Reached XP level 2. HP: 25/25 MP: 1/1
  1025 | D:2      | Reached XP level 3. HP: 30/30 MP: 2/2
  1457 | D:2      | You fall through a shaft!
  1460 | D:3      | Noticed Robin
  1480 | D:3      | Noticed Ijyb
  1483 | D:3      | Noticed Sigmund
  1508 | D:2      | Killed Ijyb
  1508 | D:2      | Reached skill level 5 in Unarmed Combat
  1508 | D:2      | Reached XP level 4. HP: 14/40 MP: 3/3
  2217 | D:3      | Reached skill level 1 in Armour
  2285 | D:3      | Noticed a necrophage
  2297 | D:3      | Killed a necrophage
  2297 | D:3      | Reached XP level 5. HP: 32/46 MP: 4/4
  2510 | D:3      | Killed Sigmund
  2510 | D:3      | Reached skill level 6 in Unarmed Combat
  2510 | D:3      | Reached XP level 6. HP: 44/53 MP: 5/5
  2727 | D:3      | Killed Robin
  3448 | D:3      | HP: 1/52 [gnoll/spear (10)]
  3449 | D:3      | Slain by a gnoll

Vault maps used:
D:1:      evilmike_arrival_plus, minivault_25, roderic_malta_cross
D:2:      dk_noncrumbling_4
D:3:      first_bread, uniq_sigmund, uniq_robin, uniq_iyjb
D:4:      dk_xom_monty_hall

Skill      XL: |  1  2  3  4  5 |
---------------+----------------+-----
Dodging        | 3 4 |  4.5
Unarmed Combat | 5 6 |  6.3
Armour         | 1 2 |  2.1
Fighting       | 4 |  4.3
Stealth        | |  2.1

Action                   |  1- 3 |  4- 6 || total
-------------------------+-------+-------++-------
Melee: Unarmed           |    92 |   136 ||   228
       Punch             |     1 |       ||     1
 Stab: Sleeping          |     4 |     2 ||     6
  Eat: Chunk             |     7 |    16 ||    23
Armor: Robe              |    21 |    20 ||    41
Dodge: Dodged            |    65 |    95 ||   160
